 Dungeon Crawl Stone Soup version 0.26-a0-1132-ge9770dfcb6 (webtiles) character file.

Game seed: 12815988131621707474

6400 sahdkjhfkaj the Grappler (level 10, -2/160 HPs)
             Began as a Troll Berserker on Dec 20, 2020.
             Was a High Priest of Trog.
             Slain by a skeletal warrior
             ... wielding a +0 long sword
              (14 damage)
             ... on level 9 of the Dungeon.
             The game lasted 00:09:01 (6574 turns).

sahdkjhfkaj the Grappler (Troll Berserker)          Turns: 6574, Time: 00:09:04

Health: -2/160     AC:  7    Str: 29    XL:     10   Next: 66%
Magic:  0/9        EV: 11    Int:  4    God:    Trog [*****.]
Gold:   498        SH: 10    Dex: 15    Spells: 9/9 levels left

rFire    . . .     SeeInvis +     - Unarmed
rCold    . . .     Faith    .   A - +0 kite shield
rNeg     . . .     Spirit   +   a - +0 animal skin
rPois    .         Reflect  .   (helmet restricted)
rElec    .         Harm     .   f - +0 cloak
rCorr    .         Rampage  .   (gloves unavailable)
Will     .....                  (boots unavailable)
Stlth    ..........             i - amulet of guardian spirit
HPRegen  0.76/turn              q - ring of see invisible
MPRegen  0.11/turn              j - +6 ring of dexterity

@: mighty, berserking, lethally poisoned (-2 -> -5), slowed
A: large, unfitting armour, claws 3, regeneration 1, shaggy fur 1, tough skin 3
a: Renounce Religion, Berserk, Trog's Hand, Brothers in Arms


You were on level 9 of the Dungeon.
You worshipped Trog.
Trog was extremely pleased with you.
You visited 1 branch of the dungeon, and saw 9 of its levels.
You also visited: Sewer.

You collected 498 gold pieces.

Inventory:

Armour
 a - a +0 animal skin (worn)
 f - a +0 cloak (worn)
 A - a +0 kite shield (worn)
Jewellery
 i - an amulet of guardian spirit (around neck)
 j - a +6 ring of dexterity (right claw)
 q - a ring of see invisible (left claw)
 w - an uncursed ring of positive energy
Wands
 b - a wand of polymorph (3)
 o - a wand of enslavement (10)
 p - a wand of acid (6)
 s - a wand of flame (22)
 v - a wand of iceblast (10)
 y - a wand of disintegration (12)
Scrolls
 n - 2 scrolls of remove curse
 x - a scroll of identify
Potions
 c - a potion of curing {unknown}
 d - 2 potions of berserk rage
 e - a potion of brilliance {unknown}
 g - 2 potions of resistance
 h - 3 potions of might
 k - a potion of mutation {unknown}
 l - a potion of heal wounds {unknown}
 m - a potion of attraction {unknown}
 r - a potion of lignification {unknown}
 t - a potion of magic {unknown}
 u - a potion of flight {unknown}
 z - a potion of cancellation {unknown}


   Skills:
 - Level 9.2 Fighting
 + Level 5.1 Dodging
 + Level 3.3 Shields
 - Level 10.8 Unarmed Combat


You had 9 spell levels left.
You didn't know any spells.
Your spell library was empty.

Dungeon Overview and Level Annotations

Branches:
Dungeon (9/15)             Temple (0/1) D:6            Lair (0/6) D:9
  Sewer (visited)
    Orc: D:9-12

Altars:
Ashenzari
Cheibriados
Fedhas
Gozag
Okawaru
Qazlal
Trog
Uskayaw
Xom


Innate Abilities, Weirdness & Mutations

You are too large for most types of armour.
You have claws for hands.
Your natural rate of healing is unusually fast.
You are covered in fur. (AC +1)
You have extremely tough skin. (AC +3)


Message History

You feel yourself slow down. The hornet stings you!
* * * LOW HITPOINT WARNING * * *
You are more poisoned.
You feel as though you will be slow longer.
You feel sick. The hornet stings you!
* * * LOW HITPOINT WARNING * * *
You shrug off the repeated paralysis!
You can move again.
You mangle the hornet!!
The hornet is severely wounded.
You feel sick. You block the hornet's attack.
Unknown command.
You scratch the hornet.
The hornet is severely wounded.
You feel sick. The hornet stings you.
* * * LOW HITPOINT WARNING * * *
You feel as though you will be slow longer.
The skeletal warrior hits you with a +0 long sword!
You die...

..# #.#..........................
..# #.#........###########†......
### #.#........#........))#......
## ##.##...>..##........))#......
[# #..###.....#.....##...##......
.###.####.#..##.#....##..#.......
.......##.#..#.#.#...#..##.......
####.#.##.#.##..........#....>...
#.#..#...#...@......##........
#.##....##.#y#z#....#.........
##.###...#.#B#.#.#..##.........
#...##..##..........#..........
#...#...#.)........##..........
###......##†########.#..##..##...
.........#.. .##.###..# #..
##...#.##.y #.......# #.
###...#.}# ##...#####


You could see a skeletal warrior, a hornet and a worker ant.

Vanquished Creatures
  A two-headed ogre (D:9)
  An unseen horror (D:9)
  Pikel (D:4)
  Joseph (D:7)
  A komodo dragon (D:9)
  Menkaure (D:7)
  A vampire mosquito (D:9)
  A water moccasin (Sewer)
  An orc warrior (D:9)
  2 ice beasts
  4 ogres
  4 sky beasts
  2 phantoms (D:8)
  An eye of draining (D:8)
  2 centaurs
  2 lemures (D:4)
  A big kobold (D:9)
  7 bullfrogs
  2 wyvern skeletons (D:8)
  4 killer bees (D:7)
  A scorpion (D:7)
  A howler monkey (D:5)
  5 wights (D:7)
  3 jellies
  2 orc priests
  A gnoll shaman (D:6)
  5 hounds
  9 orc wizards
  3 centaur skeletons
  4 iguanas
  8 worker ants
  A hound skeleton (D:5)
  A worker ant zombie (D:5)
  10 gnolls
  A howler monkey skeleton (D:9)
  17 adders
  A white imp (D:6)
  2 adder zombies
  An adder skeleton (D:5)
  2 worms
  11 dart slugs
  3 leopard geckos
  21 orcs
  2 ball pythons
  16 bats
  9 giant cockroaches
  10 goblins
  7 hobgoblins
  9 jackals
  12 kobolds
  9 rats
227 creatures vanquished.

Vanquished Creatures (collateral kills)
  An orc warrior (D:8)
  An orc (D:8)
2 creatures vanquished.

Vanquished Creatures (others)
  4 plants (D:9)
4 creatures vanquished.

Grand Total: 233 creatures vanquished

Notes
Turn   | Place    | Note
-------+----------+-------------------------------------------
     0 | D:1      | sahdkjhfkaj the Troll Berserker began the quest for the
                  | Orb.
     0 | D:1      | Reached XP level 1. HP: 22/22 MP: 0/0
   191 | D:1      | Reached XP level 2. HP: 25/29 MP: 1/1
   719 | D:1      | Found a bloodstained altar of Trog.
   758 | D:2      | Reached XP level 3. HP: 37/37 MP: 2/2
   811 | D:2      | Reached ** piety under Trog
   839 | D:2      | Reached skill level 4 in Unarmed Combat
   921 | D:2      | Reached XP level 4. HP: 44/45 MP: 3/3
   974 | D:2      | Found a hide-covered altar of Uskayaw.
  1003 | D:2      | Noticed a +0 hand axe
  1003 | D:2      | Noticed a +0 dagger
  1366 | D:2      | Found an opulent altar of Gozag.
  1460 | D:2      | Reached XP level 5. HP: 54/54 MP: 4/4
  1765 | D:3      | Noticed a sky beast
  1772 | D:3      | Killed a sky beast
  1773 | D:3      | Reached skill level 5 in Unarmed Combat
  1773 | D:3      | Reached XP level 6. HP: 35/63 MP: 2/5
  1929 | D:3      | Reached *** piety under Trog
  2464 | D:4      | Found a glowing drain.
  2478 | Sewer    | Entered a sewer
  2505 | Sewer    | Noticed a water moccasin
  2511 | Sewer    | Killed a water moccasin
  2512 | Sewer    | Reached skill level 5 in Fighting
  2512 | Sewer    | Reached skill level 6 in Unarmed Combat
  2512 | Sewer    | Reached XP level 7. HP: 64/72 MP: 4/6
  2662 | D:4      | Found a blossoming altar of Fedhas.
  2771 | D:4      | Noticed Pikel
  2796 | D:4      | Killed Pikel
  2797 | D:4      | Reached skill level 7 in Unarmed Combat
  3267 | D:4      | Found a stormy altar of Qazlal.
  3268 | D:4      | Found a shimmering altar of Xom.
  3315 | D:5      | Entered Level 5 of the Dungeon
  3367 | D:5      | Reached XP level 8. HP: 83/83 MP: 7/7
  3395 | D:5      | Reached **** piety under Trog
  4023 | D:6      | Reached skill level 8 in Unarmed Combat
  4214 | D:6      | Found a staircase to the Ecumenical Temple.
  4330 | D:6      | Found a broken altar of Ashenzari.
  4330 | D:6      | Found an iron altar of Okawaru.
  4352 | D:6      | Reached XP level 9. HP: 93/93 MP: 8/8
  4509 | D:7      | Reached skill level 9 in Unarmed Combat
  4691 | D:7      | Noticed Joseph
  4717 | D:7      | Killed Joseph
  4977 | D:7      | Found a bloodstained altar of Trog.
  5060 | D:7      | Noticed Menkaure
  5067 | D:7      | Killed Menkaure
  5220 | D:7      | Reached ***** piety under Trog
  5221 | D:7      | Reached skill level 10 in Unarmed Combat
  5371 | D:7      | Found a snail-covered altar of Cheibriados.
  5860 | D:8      | Reached XP level 10. HP: 105/107 MP: 7/9
  6085 | D:9      | Found a staircase to the Lair.
  6469 | D:9      | Received a gift from Trog
  6470 | D:9      | Reached skill level 1 in Shields
  6546 | D:9      | Noticed a two-headed ogre
  6547 | D:9      | Identified the +8 broad axe of Traps {vorpal, rN+ Dex+3}
  6547 | D:9      | Noticed an unseen horror
  6554 | D:9      | Identified the +1 fire dragon scales of Unreason {rPois
                  | rF++ rC-}
  6554 | D:9      | Noticed a skeletal warrior
  6558 | D:9      | Killed a two-headed ogre
  6568 | D:9      | Killed an unseen horror
  6569 | D:9      | Reached skill level 5 in Dodging
  6570 | D:9      | Paralysed by a hornet for 2 turns
  6574 | D:9      | Slain by a skeletal warrior

Illustrated notes

Levels and vault maps discovered:
D:1:      dpeg_arrival_lava_altar, layout_basic
D:2:      layout_basic, marbit_many_paths, dancing_weapons_uskayaw
D:3:      layout_basic, minmay_misc_feat_alley, chequers_serial_rivers_small_b
D:4:      kennysheep_slugbush, layout_loops_ring, fedhas_altar_2,
          gammafunk_temple_overflow_statue, cheibrodos_sewer_entry_drain,
          uniq_pikel
D:5:      layout_loops_ring
D:6:      layout_rooms, gammafunk_temple_overflow_pools,
          minmay_temple_entry_sparse_star
D:7:      layout_loops_ring, slow_altar_2, lemuel_crystal_altar, uniq_joseph,
          uniq_menkaure
D:8:      layout_basic
D:9:      minmay_the_grid_triangle_9x9_rhombus_thin_mashed
          [minmay_the_grid_triangle_9x9_tough_junction,
          minmay_the_grid_triangle_9x9_prize_schism,
          minmay_the_grid_triangle_9x9_pentomino_pain,
          minmay_the_grid_triangle_9x9_zippers_horizontal], layout_rooms,
          david_lair_shrubbed

Skill      XL: |  1  2  3  4  5  6  7  8  9 10 |
---------------+-------------------------------+-----
Fighting       | 3 4 5 6 7 9 |  9.2
Unarmed Combat | 4 5 6 7 8 10 | 10.8
Dodging        | 5 |  5.1
Shields        | 3 |  3.3

Action                   |  1- 3 |  4- 6 |  7- 9 | 10-12 || total
-------------------------+-------+-------+-------+-------++-------
Melee: Unarmed           |    73 |   142 |   268 |    80 ||   563
       Punch             |       |     2 |    16 |     5 ||    23
Invok: Berserk           |       |     1 |     2 |     2 ||     5
       Brothers in Arms  |       |       |     1 |     1 ||     2
  Use: Scroll            |       |     5 |     2 |     2 ||     9
       Potion            |       |       |       |     1 ||     1
Armor: Animal skin       |    26 |    57 |    58 |    23 ||   164
Dodge: Dodged            |    44 |    81 |   118 |    30 ||   273
Block: Kite shield       |       |       |       |    14 ||    14

Table legend: (Time is in decaauts)
 A = Elapsed time spent in this place.
 B = Non-inter-level travel time spent in this place.
 C = Inter-level travel time spent in this place.
 D = Time resting spent in this place.
 E = Time spent auto-exploring this place.
 F = Levels seen in this place.
 G = Mean time per level.
                   A        B        C        D        E       F      G
               +--------+--------+--------+--------+--------+-----+--------+
         Total |   6544 |   6209 |    335 |    118 |   4892 |  10 |  654.4 |
       Dungeon |   6453 |   6118 |    335 |    118 |   4823 |   9 |  717.0 |
         Sewer |     91 |     91 |      0 |      0 |     69 |   1 |   91.0 |
               +--------+--------+--------+--------+--------+-----+--------+

Top non-repeatable levels by time:
     D:7: 959 daAuts
     D:3: 924 daAuts
     D:4: 834 daAuts
     D:1: 803 daAuts
     D:2: 680 daAuts
     D:5: 638 daAuts
     D:8: 626 daAuts
     D:6: 500 daAuts
     D:9: 485 daAuts
   Sewer: 91 daAuts
